 Dungeon Crawl Stone Soup version 0.31.0-11-ge490571c62 (webtiles) character file.

Game seed: 3078887705171823800

53 Gadfly the Ruffian (level 3, -6/26 HPs)
             Began as a Demonspawn Shapeshifter on Jan 27, 2024.
             Mangled by an iguana (11 damage)
             ... on level 4 of the Dungeon.
             The game lasted 00:02:18 (1694 turns).

Gadfly the Ruffian (Demonspawn Shapeshifter)        Turns: 1694, Time: 00:02:19

Health: -6/26      AC:  2    Str: 16    XL:     3   Next: 62%
Magic:  3/3        EV: 12    Int: 10    God:
Gold:   149        SH:  0    Dex: 12    Spells: 2/2 levels left

rFire   . .          .
                       - Unarmed
rCold   . . .        (no shield)
rNeg    . . .        a - +0 animal skin
rPois   .            (helmet currently unavailable)
rElec   .            (cloak currently unavailable)
rCorr   .            (gloves currently unavailable)
SInv    .            (boots currently unavailable)
Will    .....        (no amulet)
Stlth   +            (no ring)
HPRegen 0.24/turn    (no ring)
MPRegen 0.08/turn

%: no passive effects
@: beast-form
A: beast (slay +1), weakness stinger 1
a: Begin Untransformation


You were on level 4 of the Dungeon.
You were a hulking beast.
You visited 1 branch of the dungeon, and saw 4 of its levels.

You collected 149 gold pieces.

Inventory:

Hand Weapons
 b - a +2 whip of freezing
Armour
 a - a +0 animal skin (worn)
Talismans
 c - a beast talisman
 d - a flux talisman
Wands
 g - a wand of quicksilver (5)
 m - a wand of roots (15)
Scrolls
 e - a scroll of revelation
Potions
 f - 2 potions of attraction
 h - a potion of curing {unknown}
 i - a potion of cancellation
 j - a potion of enlightenment
 k - a potion of lignification


   Skills:
 + Level 1.5 Fighting
 * Level 2.4 Dodging
 + Level 3.0 Unarmed Combat
 * Level 1.4 Evocations
 + Level 2.8 Shapeshifting


You had 2 spell levels left.
You didn't know any spells.
Your spell library contained the following spells:

 Spells                   Type           Power      Damage    Failure   Level
 Shock                    Conj/Air       0%         1d3       36%         1
 Fugue of the Fallen      Necr           0%         N/A       75%         3
 Ozocubu's Armour         Ice            0%         N/A       75%         3
 Swiftness                Air            0%         N/A       75%         3
 Airstrike                Air            0%         2d(0-16)  98%         4
 Manifold Assault         Tloc           0%         N/A       98%         4


Dungeon Overview and Level Annotations

Branches:
Dungeon (4/15)             Temple (0/1) D:4

Altars:


Innate Abilities, Weirdness & Mutations

You are a hulking beast.
Your limbs bulge with bestial killing power. (Slay +1)
You have a small tail.


Message History

You are too injured to fight recklessly!
You are too injured to fight recklessly!
You are too injured to fight recklessly!
You are too injured to fight recklessly!
You are too injured to fight recklessly!
You are too injured to fight recklessly!
You are too injured to fight recklessly!
You are too injured to fight recklessly!
You are too injured to fight recklessly!
You are too injured to fight recklessly!
You are too injured to fight recklessly!
Unknown command.
You hit the iguana.
You tail-slap the iguana, but do no damage.
The iguana is moderately wounded.
The iguana closely misses you.
You hit the iguana.
The iguana is heavily wounded.
The iguana barely misses you.
You hit the iguana but do no damage.
The iguana is heavily wounded.
The iguana bites you!
* * * LOW HITPOINT WARNING * * *
You barely miss the iguana.
The iguana is heavily wounded.
The iguana bites you.
* * * LOW HITPOINT WARNING * * *
You hit the iguana but do no damage.
The iguana is heavily wounded.
The iguana barely misses you.
You hit the iguana.
The iguana is severely wounded.
The iguana closely misses you.
You barely miss the iguana.
The iguana is severely wounded.
The iguana closely misses you.
You hit the iguana.
The iguana is almost dead.
The iguana bites you!
You die...

####### #.....# ....
#.....## #.#. . #......#
###..## .. ###......#
#..... >.. .........#
#.... ...# #####....#
#...# ...# ###.####
#...#..# #...#
#..hl##...
#.##########..........
###...................+.
.######################
## #......# # #.####.# #
#.# #.# # #.# #<#
#####.# ###


You could see an iguana.

Vanquished Creatures
  2 dart slugs
  2 ribbon worms (D:3)
  An orc (D:3)
  4 ball pythons
  7 bats
  4 endoplasms
  3 giant cockroaches
  2 goblins
  2 hobgoblins (D:1)
  A quokka (D:3)
  3 frilled lizards (D:1)
  6 kobolds
  4 rats
41 creatures vanquished.

Notes
Turn   | Place    | Note
-------+----------+-------------------------------------------
     0 | D:1      | Gadfly the Demonspawn Shapeshifter began the quest for the
                  | Orb.
     0 | D:1      | Reached XP level 1. HP: 15/15 MP: 1/1
   175 | D:1      | Gained mutation: You have a small tail. [demonic ancestry]
   175 | D:1      | Reached XP level 2. HP: 21/21 MP: 2/2
   731 | D:2      | Reached skill level 1 in Evocations
  1248 | D:3      | Reached XP level 3. HP: 21/26 MP: 3/3
  1370 | D:3      | Reached skill level 3 in Unarmed Combat
  1683 | D:4      | Found a staircase to the Ecumenical Temple.
  1694 | D:4      | Mangled by an iguana

Illustrated notes

Levels and vault maps discovered:
D:1:      dpeg_arrival_water_temple_mockup, layout_basic
D:2:      layout_loops_cross, amcnicky_mini_rare_corridor_liquid
D:3:      layout_basic
D:4:      layout_basic, trog_three_pillars_becter,
          minmay_temple_entry_mini_moons, uniq_grinder

Skill      XL: |  1  2  3 |
---------------+----------+-----
Dodging        | 2 |  2.4
Evocations     | 1 |  1.4
Unarmed Combat | 3 |  3.0
Fighting       | |  1.5
Shapeshifting  | |  2.8

Action                     || total
---------------------------++-------
  Melee: Unarmed           ||   110
         Punch             ||     4
         Tailslap          ||     9
    Use: Scroll            ||     9
         Potion            ||     2
 Armour: Animal skin       ||    56
  Dodge: Dodged            ||    61
